 Dungeon Crawl Stone Soup version 0.28-a0-973-ga7f8b01127 (webtiles) character file.

Game seed: 4201846722253612458

3644 browni3141 the Skirmisher (level 9, -23/80 HPs)
             Began as a Demigod Fighter on Dec 2, 2021.
             Annihilated by a boulder beetle (41 damage)
             ... on level 9 of the Dungeon.
             The game lasted 00:16:46 (7846 turns).

browni3141 the Skirmisher (Demigod Fighter)         Turns: 7846, Time: 00:16:47

Health: -23/80     AC: 18    Str: 17    XL:     9   Next: 57%
Magic:  11/11      EV: 15    Int: 10    God:
Gold:   381        SH:  6    Dex: 25    Spells: 8/8 levels left

rFire   + . .      SeeInvis .   b - +1 dagger (venom)
rCold   x . .      Faith    .   c - +0 buckler
rNeg    . . .      Spirit   .   w - +0 chain mail
rPois   .          Reflect  .   f - +2 hat
rElec   .          Harm     .   I - +1 cloak
rCorr   .          Rampage  .   D - +2 pair of gloves
Will    .....                   (no boots)
Stlth   +.........              (no amulet)
HPRegen 0.23/turn               x - +4 ring of evasion
MPRegen 0.12/turn               J - ring of fire

@: studying Stealth
A: high mp 1, forlorn, divine attributes
a: no special abilities


You were on level 9 of the Dungeon.
You visited 1 branch of the dungeon, and saw 9 of its levels.

You collected 381 gold pieces.

Inventory:

Hand Weapons
 a - a +0 long sword
 b - a +1 dagger of venom (weapon)
 A - the +6 mace "Renur" {holy, rF+ rC+ Int+5 SInv}
   (You found it on level 7 of the Dungeon)

   It has been blessed by the Shining One to cause great damage to the undead
   and demons.
   Int:       It affects your intelligence (+5).
   rF:        It protects you from fire.
   rC:        It protects you from cold.
   SInv:      It lets you see invisible.
 E - a +0 shortbow
Missiles
 h - 5 atropa-tipped darts (quivered)
 F - 99 arrows
 G - 14 poisoned darts
Armour
 c - a +0 buckler (worn)
 f - a +2 hat (worn)
 l - a +0 helmet
 w - a +0 chain mail (worn)
 y - a +0 scale mail
 D - a +2 pair of gloves (worn)
 I - a +1 cloak (worn)
Jewellery
 r - a ring of wizardry
 x - a +4 ring of evasion (left hand)
 J - a ring of fire (right hand)
Wands
 K - a wand of flame (49)
Scrolls
 g - a scroll of silence
 i - 4 scrolls of immolation
 j - a scroll of torment
 q - a scroll of noise
 t - 2 scrolls of vulnerability {unknown}
 u - a scroll of enchant weapon {unknown}
Potions
 e - a potion of magic {unknown}
 k - 2 potions of degeneration {unknown}
 p - 2 potions of cancellation
 z - a potion of attraction {unknown}
 B - a potion of mutation {unknown}
 C - 2 potions of invisibility {unknown}
 H - a potion of berserk rage {unknown}


   Skills:
 * Level 7.7 Fighting
 - Level 1.7 Long Blades
 * Level 7.6 Armour
 * Level 7.0 Dodging
 * Level 6.3 Stealth
 - Level 2.6 Shields


You had 8 spell levels left.
You didn't know any spells.
Your spell library contained the following spells:

 Spells                   Type           Power      Damage    Failure   Level
 Sandblast                Erth           0%         2d4       99%         1
 Passwall                 Tmut/Erth      0%         N/A       100%        2
 Stone Arrow              Conj/Erth      0%         3d7       100%        3
 Alistair's Intoxication  Tmut/Pois      0%         N/A       100%        5
 Borgnjor's Vile Clutch   Necr/Erth      0%         N/A       100%        5
 Eringya's Noxious Bog    Tmut/Pois      0%         N/A       100%        6


Dungeon Overview and Level Annotations

Branches:
Dungeon (10/15)            Temple (0/1) D:4             Orc (0/2) D:10
   Lair: D:8-11

Shops:
D:6 :

Annotations:
D:4 2 transporters, tvsian's ghost, amateur HOFi


Innate Abilities, Weirdness & Mutations

You have an increased reservoir of magic. (+10% MP)
You shall have no god before yourself.
Your divine heritage dramatically boosts your attributes as you level up.


Message History

Press: ? - help, Shift-Dir - straight line, f/p - boulder beetle
Aim: a boulder beetle (chance to affect: 28%)
The boulder beetle easily resists.
The boulder beetle bites you but does no damage.
Aiming: Paralyse
Press: ? - help, Shift-Dir - straight line, f/p - boulder beetle
Aim: a boulder beetle (chance to affect: 28%)
The boulder beetle easily resists.
The now-empty wand crumbles to dust.
You block the boulder beetle's attack.
You don't have any such object.
Evoke which item? (* to show all) (? for menu, Esc to quit)
Okay, then.
You feel better. The boulder beetle bites you.
* * * LOW HITPOINT WARNING * * *
You feel better. The boulder beetle closely misses you.
Okay, then.
Throw: 5 darts (atropa)
Press: ? - help, Q - select action, (/) - cycle Shift-Dir - straight line, f/p - boulder beetle
Aim: a boulder beetle (91% to hit, chance to blind on hit: 3%)
Okay, then.
Okay, then.
Press: ? - help, v - describe, . - travel
Here: a boulder beetle The floor, spattered with blood.
You hit the boulder beetle but do no damage.
The boulder beetle is poisoned.
The boulder beetle bites you!
* * * LOW HITPOINT WARNING * * *
The boulder beetle leaps!
You start resting.
A boulder beetle is nearby!
The boulder beetle curls into a ball and begins rolling!
You hit the boulder beetle but do no damage.
The boulder beetle is poisoned.
The boulder beetle is moderately wounded.
The boulder beetle closely misses you.
The boulder beetle stops rolling and uncurls.
The boulder beetle curls into a ball and begins rolling!
The boulder beetle hits you!!!
Ouch! That really hurt!
You die...

### #.# ..# #.#
#######.#
........###
..........#
#......#.#
#.####@#.# #.#
#B#°# #.# #○#°#
#.# #°#B# #°#
#°#.# .
#†####.#.#
...#####......#○#
................#
.......>#########


You could see a boulder beetle (rolling, very poisoned).

Vanquished Creatures
  Pikel (D:6)
  A centaur zombie (D:5)
  Grinder (D:5)
  Sigmund (D:6)
  2 yaks (D:9)
  A steam dragon (D:6)
  A water moccasin (D:7)
  2 sky beasts
  A black bear (D:5)
  A necrophage (D:4)
  An ogre (D:5)
  5 centaurs
  A phantom (D:5)
  A scorpion (D:4)
  5 killer bees (D:7)
  5 wights (D:7)
  A howler monkey (D:5)
  4 hounds
  A centaur skeleton (D:5)
  2 orc priests (D:3)
  Ijyb (D:5)
  2 iguanas (D:5)
  An orc wizard (D:3)
  A killer bee zombie (D:6)
  A hound zombie (D:5)
  Robin (D:2)
  3 gnolls (D:2)
  6 adders
  A howler monkey skeleton (D:5)
  3 worms
  2 dart slugs (D:1)
  2 orcs
  10 endoplasms
  2 giant cockroaches
  12 goblins
  11 hobgoblins
  4 jackals (D:3)
  A quokka (D:3)
  3 ball pythons
  7 bats
  4 frilled lizards
  8 kobolds
  5 rats
129 creatures vanquished.

Notes
Turn   | Place    | Note
-------+----------+-------------------------------------------
     0 | D:1      | browni3141 the Demigod Fighter began the quest for the Orb.
     0 | D:1      | Reached XP level 1. HP: 18/18 MP: 3/3
   573 | D:1      | Reached XP level 2. HP: 15/25 MP: 4/4
  1062 | D:2      | Reached skill level 1 in Dodging
  1309 | D:2      | Reached XP level 3. HP: 28/31 MP: 5/5
  1658 | D:2      | Noticed Robin
  1662 | D:2      | Reached XP level 4. HP: 38/38 MP: 6/6
  1709 | D:2      | Killed Robin
  2964 | D:3      | Reached XP level 5. HP: 16/46 MP: 7/7
  3716 | D:4      | Found a staircase to the Ecumenical Temple.
  3753 | D:4      | Found a transporter.
  3755 | D:4      | Noticed tvsian's ghost (amateur HOFi)
  3756 | D:4      | Noticed a necrophage
  3761 | D:4      | Found a transporter.
  3947 | D:4      | Reached XP level 6. HP: 52/52 MP: 8/8
  4251 | D:5      | Entered Level 5 of the Dungeon
  4433 | D:5      | Reached skill level 5 in Fighting
  4433 | D:5      | Reached skill level 5 in Armour
  4433 | D:5      | Reached XP level 7. HP: 42/61 MP: 9/9
  4638 | D:5      | Reached skill level 5 in Dodging
  4638 | D:5      | Reached XP level 8. HP: 56/70 MP: 10/10
  4834 | D:5      | Noticed Grinder
  5273 | D:5      | Noticed Ijyb
  5291 | D:5      | Killed Ijyb
  5377 | D:5      | Paralysed by Grinder for 6 turns
  5387 | D:5      | Paralysed by Grinder for 4 turns
  5392 | D:5      | Paralysed by Grinder for 6 turns
  5403 | D:5      | Killed Grinder
  6074 | D:6      | Noticed Pikel
  6180 | D:6      | Killed Pikel
  6181 | D:6      | Reached XP level 9. HP: 14/78 MP: 11/11
  6710 | D:6      | Found Upuam's Book Boutique.
  6778 | D:6      | Noticed Sigmund
  6798 | D:6      | Killed Sigmund
  7249 | D:7      | Identified the +6 mace "Renur" {holy, rF+ rC+ Int+5 SInv}
  7266 | D:7      | Reached skill level 5 in Stealth
  7758 | D:7      | You fall into a shaft and drop 3 floors!
  7758 | D:10     | Entered Level 10 of the Dungeon
  7758 | D:10     | Noticed a cyclops
  7758 | D:10     | Found a staircase to the Orcish Mines.
  7779 | D:9      | Noticed a boulder beetle
  7846 | D:9      | Annihilated by a boulder beetle

Illustrated notes

Levels and vault maps discovered:
D:1:      wander_arrival_peaceful_grave, layout_basic,
          chequers_ecumenical_altar_grove
D:2:      layout_rooms, basic_altar, kennysheep_path_1, dk_noncrumbling_3,
          uniq_robin
D:3:      layout_loops_corners
D:4:      layout_rooms, minmay_temple_entry_arrows, gammafunk_ghost_mausoleum,
          minmay_pentomino_pile
D:5:      layout_cave_pools, chequers_decorated_corner, minmay_manual_mares,
          uniq_grinder, uniq_ijyb
D:6:      layout_basic, serial_shops, shop, hangedman_decor_growths,
          dk_vineyard_1, uniq_pikel, uniq_sigmund
D:7:      layout_gridville, nicolae_ossuary_entry_ruins
D:9:      layout_basic, mainiacjoe_overflow_small_starburst
D:10:     layout_rooms, david_orc_2

Skill      XL: |  1  2  3  4  5  6  7  8  9 |
---------------+----------------------------+-----
Fighting       | 3 4 5 6 7 |  7.7
Armour         | 3 4 5 6 7 |  7.6
Dodging        | 1 2 3 4 5 6 7 |  7.0
Stealth        | 4 6 |  6.3
Long Blades    | |  1.7
Shields        | |  2.6

Action                   |  1- 3 |  4- 6 |  7- 9 || total
-------------------------+-------+-------+-------++-------
Melee: Long sword        |    99 |   212 |    58 ||   369
       Dagger            |       |    32 |   178 ||   210
       Mace              |       |       |    13 ||    13
Throw: Dart              |     7 |       |    12 ||    19
       Throwing net      |       |       |     1 ||     1
Evoke: Wand              |       |       |    11 ||    11
  Use: Potion            |       |     1 |     8 ||     9
       Scroll            |       |     3 |     9 ||    12
 Stab: Paralysed         |       |       |     2 ||     2
Armor: Scale mail        |    56 |    80 |       ||   136
       Chain mail        |       |    47 |   211 ||   258
Dodge: Dodged            |    46 |   134 |   243 ||   423
Block: Buckler           |    30 |    73 |    99 ||   202

Table legend: (Time is in decaauts)
 A = Elapsed time spent in this place.
 B = Non-inter-level travel time spent in this place.
 C = Inter-level travel time spent in this place.
 D = Time resting spent in this place.
 E = Time spent auto-exploring this place.
 F = Levels seen in this place.
 G = Mean time per level.
                   A        B        C        D        E       F      G
               +--------+--------+--------+--------+--------+-----+--------+
         Total |   7970 |   7746 |    224 |    523 |   5477 |   9 |  885.6 |
       Dungeon |   7970 |   7746 |    224 |    523 |   5477 |   9 |  885.6 |
               +--------+--------+--------+--------+--------+-----+--------+

Top non-repeatable levels by time:
     D:6: 1369 daAuts
     D:3: 1342 daAuts
     D:2: 1290 daAuts
     D:5: 1167 daAuts
     D:1: 1053 daAuts
     D:4: 1051 daAuts
     D:7: 608 daAuts
     D:9: 70 daAuts
    D:10: 16 daAuts
